[Event "*** SCC Grand Prix: Titled Tuesday Blitz"]
[Site "Chess.com"]
[Date "2020.10.13"]
[Round "9"]
[White "mr65"]
[Black "WildTricks"]
[Result "0-1"]
[WhiteElo "2183"]
[BlackElo "2447"]
[TimeControl "180+1"]
[EndTime "11:43:02 PDT"]
[Termination "WildTricks won by resignation"]

1. e4 c5 2. Nf3 d6 3. d4 cxd4 4. Nxd4 Nf6 5. Nc3 a6 6. f4 g6 7.
Bd3 Bg7 8. Nf3 O-O 9. O-O Nc6 10. Kh1 Bg4 11. h3 Bxf3 12. Qxf3 Rc8 13. Nd5 e6 14. Nxf6+ Qxf6 15. c3 Qd8 16. Be3 b5 17. Rae1 Na5 18. Bb1 Nc4 19. Bc1 Qa5 20. f5 Be5 21. f6 b4 22. b3 Na3 23. Qe3 Nxb1 24. Qh6 Bxf6 25. Rxf6 bxc3 26. e5 c2 27. Re4 Rfd8 28. Rh4 Qe1+ 29.
Kh2 Qxe5+ 30. Rff4 Qg7 31. Bb2 Qxh6 32. Rxh6 c1=Q 33.
Rxh7 Qxf4+ 0-1

[Event "*** SCC Grand Prix: Titled Tuesday Blitz"]
[Site "Chess.com"]
[Date "2020.10.13"]
[Round "9"]
[White "VerdeNotte"]
[Black "TomiLen"]
[Result "1-0"]
[WhiteElo "2821"]
[BlackElo "2593"]
[TimeControl "180+1"]
[EndTime "11:43:04 PDT"]
[Termination "VerdeNotte won by resignation"]

1. d4 d5 2. c4 c6 3. Nc3 Nf6 4. e3 e6 5. Nf3 Nbd7 6. Bd3 Bd6 7. e4 dxc4 8. Bxc4 e5 9. dxe5 Nxe5 10. Nxe5 Bxe5 11. Qxd8+ Kxd8 12. Bxf7 Rf8 13. Bb3 Bxc3+ 14. bxc3 Nxe4 15. Ba3 Re8 16. O-O-O+ Kc7 17. Bf7 Re5 18.
Rhe1 Rf5 19. Rxe4 Rxf7 20. Bd6+ Kb6 21. Rb4+ Ka6 22. Ra4+ Kb6 23. c4 a5 24. Rd3 c5 25.
Rd5 Kc6 26. Bg3 Rd7 27. Re5 Kb6 28. Re6+ 1-0

[Event "*** SCC Grand Prix: Titled Tuesday Blitz"]
[Site "Chess.com"]
[Date "2020.10.13"]
[Round "9"]
[White "KaterynaLagno"]
[Black "Mikhail_Golubev"]
[Result "0-1"]
[WhiteElo "2685"]
[BlackElo "2542"]
[TimeControl "180+1"]
[EndTime "11:43:04 PDT"]
[Termination "Mikhail_Golubev won by resignation"]

1. e4 c5 2. Nf3 d6 3. Bb5+ Bd7 4. Bxd7+ Qxd7 5. c4 g6 6. Nc3 Bg7 7. d4 cxd4 8. Nxd4 Nf6 9. O-O O-O 10. b3 Nc6 11. Bb2 a6 12. Re1 Nxd4 13. Qxd4 b5 14. cxb5 axb5 15.
Nd5 Nh5 16. Qd2 Bxb2 17. Qxb2 Qd8 18. a4 bxa4 19. bxa4 e6 20. Nb6 Ra5 21. Nc4 Rc5 22.
Qd4 Nf4 23. Qxd6 Qg5 24. Ne3 Rc2 25. Qd1 Nh3+ 26. Kh1 Nxf2+ 0-1

[Event "*** SCC Grand Prix: Titled Tuesday Blitz"]
[Site "Chess.com"]
[Date "2020.10.13"]
[Round "9"]
[White "WiktoriaPOL"]
[Black "poppy73"]
[Result "0-1"]
[WhiteElo "2059"]
[BlackElo "2233"]
[TimeControl "180+1"]
[EndTime "11:43:05 PDT"]
[Termination "poppy73 won by checkmate"]

1. c4 Nf6 2. Nc3 g6 3. g3 Bg7 4. Bg2 d6 5. e4 O-O 6. Nge2 e5 7. O-O Nc6 8. d3 Nd7 9. f4 Nd4 10. f5 Nf6 11. Nxd4 exd4 12. Ne2 c5 13. h3 Nd7 14. g4 f6 15. Nf4 Ne5 16. fxg6 hxg6 17. Nd5 Be6 18.
Bf4 Bxd5 19. exd5 Re8 20. Qd2 Qd7 21. Rae1 Re7 22. g5 f5 23. h4 Rae8 24. Re2 Kh8 25. Rfe1 b6 26. a3 Ng4 27. Rxe7 Rxe7 28. Rxe7 Qxe7 29.
Bf3 Ne3 30. Kf2 Be5 31. Bxe5+ Qxe5 32. Bg2 Qh2 33. Kf3 Qxh4 34. b4 Qg4+ 35. Kf2 Qxg2+ 36. Ke1 Qf1# 0-1

[Event "*** SCC Grand Prix: Titled Tuesday Blitz"]
[Site "Chess.com"]
[Date "2020.10.13"]
[Round "9"]
[White "guillembaches"]
[Black "Nikita_Klepikov"]
[Result "1-0"]
[WhiteElo "2395"]
[BlackElo "2248"]
[TimeControl "180+1"]
[EndTime "11:43:07 PDT"]
[Termination "guillembaches won by resignation"]

1. e4 d5 2. exd5 Nf6 3. d4 Bg4 4. Bb5+ Nbd7 5. Be2 Bxe2 6. Qxe2 Nb6 7. c4 e6 8. dxe6 Bb4+ 9. Bd2 Bxd2+ 10. Nxd2 O-O 11. Ngf3 Re8 12. exf7+ Kxf7 13. Ne5+ Kg8 14. Ndf3 c5 15. dxc5 Nbd7 16. O-O Nxe5 17. Nxe5 Qd4 18. Rfe1 Qxc5 19. Qe3 Qc7 20. Qc3 Re7 21. Re3 Rae8 22. Rae1 Qd6 23.
c5 Qc7 24. Qb3+ Kh8 25. Nf7+ Kg8 26. Nd6+ Kf8 27. Nxe8 Rxe3 28. Qxe3 1-0

[Event "*** SCC Grand Prix: Titled Tuesday Blitz"]
[Site "Chess.com"]
[Date "2020.10.13"]
[Round "9"]
[White "chiwii"]
[Black "ailime26"]
[Result "1-0"]
[WhiteElo "2203"]
[BlackElo "1883"]
[TimeControl "180+1"]
[EndTime "11:43:07 PDT"]
[Termination "chiwii won by resignation"]

1. e4 a6 2. d4 b5 3. Nf3 Bb7 4. Bd3 g6 5. a4 b4 6. c3 bxc3 7.
Nxc3 Bg7 8. O-O e6 9. Bg5 Ne7 10. Qb3 Ra7 11. d5 exd5 12. exd5 O-O 13. Rfe1 Re8 14. Be3 Ra8 15. Qxb7 Nbc6 16. dxc6 Nxc6 17. Qb3 Rb8 18. Qd1 Rxb2 19. Rc1 Nb4 20. Bc4 c6 21.
Re2 Rxe2 22. Bxe2 d5 23. Bc5 a5 24. Bxb4 axb4 25. Na2 Qb6 26. Rb1 b3 27. Rxb3 Qa5 28. Bf1 Qxa4 29. Nc1 d4 30. Rd3 c5 31. Qxa4 1-0

[Event "*** SCC Grand Prix: Titled Tuesday Blitz"]
[Site "Chess.com"]
[Date "2020.10.13"]
[Round "9"]
[White "bazar-wokzal"]
[Black "JosefineHeinemann"]
[Result "1-0"]
[WhiteElo "2520"]
[BlackElo "2613"]
[TimeControl "180+1"]
[EndTime "11:43:09 PDT"]
[Termination "bazar-wokzal won by resignation"]

1. e4 c5 2. c3 Nf6 3. e5 Nd5 4. d4 cxd4 5. cxd4 Nc6 6. Nc3 e6 7. f4 d6 8. Nf3 Be7 9. Bd3 O-O 10. h4 f5 11. exf6 Nxf6 12. Be3 a6 13. Qe2 Re8 14.
O-O-O Qc7 15. Kb1 Nb4 16. Bc4 b5 17. Bb3 Nfd5 18. Nxd5 Nxd5 19. Ng5 Bf6 20. Qd3 g6 21. h5 Nxe3 22. Qxe3 Bxg5 23. fxg5 Ra7 24. hxg6 hxg6 25. Rh6 Re7 26. Rxg6+ Rg7 27. Bxe6+ Bxe6 28. Qxe6+ Qf7 29. Rxg7+ Kxg7 30. Qh6+ Kg8 31. Rh1 Qg7 32. Qxd6 Rf7 33. g6 Qf8 34. gxf7+ 1-0

[Event "*** SCC Grand Prix: Titled Tuesday Blitz"]
[Site "Chess.com"]
[Date "2020.10.13"]
[Round "9"]
[White "FairChess_on_YouTube"]
[Black "juancruzarias"]
[Result "1-0"]
[WhiteElo "2960"]
[BlackElo "2531"]
[TimeControl "180+1"]
[EndTime "11:43:11 PDT"]
[Termination "FairChess_on_YouTube won by resignation"]

1. d4 Nf6 2. c4 c5 3. d5 e5 4. Nc3 d6 5. e4 Nbd7 6. Bd3 Be7 7.
Nge2 Nf8 8. Ng3 g6 9. Bh6 Ng4 10. Bd2 Bg5 11. h3 Bxd2+ 12. Qxd2 Nf6 13. O-O-O N8d7 14. Nb5 Qb6 15. f4 a6 16. Nc3 Kd8 17. Rhf1 Re8 18.
f5 g5 19. Qxg5 Rg8 20. Qh4 Qb4 21. Rd2 b5 22. Nh5 Ke7 23. g4 h6 24. Nxf6 Nxf6 25. Qxh6 bxc4 26. g5 Ne8 27. f6+ Kd8 28. Be2 Ra7 29.
Bh5 Bxh3 30. Rg1 Bc8 31. g6 Nxf6 32. Qg5 Ke7 33. Rf1 1-0

[Event "*** SCC Grand Prix: Titled Tuesday Blitz"]
[Site "Chess.com"]
[Date "2020.10.13"]
[Round "9"]
[White "RamyresCoelho"]
[Black "norwaytoadog"]
[Result "0-1"]
[WhiteElo "2082"]
[BlackElo "2314"]
[TimeControl "180+1"]
[EndTime "11:43:13 PDT"]
[Termination "norwaytoadog won by resignation"]

1. e4 c5 2. Nf3 d6 3. d4 cxd4 4.
Nxd4 Nf6 5. Nc3 a6 6. f3 e5 7. Nb3 Be6 8. Be3 h5 9. a4 Be7 10.
Bd3 Nc6 11. O-O Nb4 12. Qe2 d5 13. exd5 Nbxd5 14. Nxd5 Nxd5 15. Bf2 Qc7 16. a5 Nf4 17. Qe3 O-O 18. Rfd1 Nxd3 19. Rxd3 Qxc2 20. Rc3 Qxb2 21. Rac1 Rac8 22. Rxc8 Rxc8 23. Rxc8+ Bxc8 24. h4 Be6 25. Nc5 Bd5 26. Qxe5 Qxe5 0-1

[Event "*** SCC Grand Prix: Titled Tuesday Blitz"]
[Site "Chess.com"]
[Date "2020.10.13"]
[Round "9"]
[White "NikolaGry"]
[Black "Gabix_94"]
[Result "0-1"]
[WhiteElo "2635"]
[BlackElo "2794"]
[TimeControl "180+1"]
[EndTime "11:43:14 PDT"]
[Termination "Gabix_94 won by resignation"]

1. d4 g6 2. e4 Bg7 3. c4 d6 4. Nc3 Nf6 5. f3 O-O 6. Nge2 c5 7. Be3 b6 8. Qd2 Nc6 9. d5 Ne5 10. Ng3 e6 11. Be2 exd5 12. cxd5 a6 13. a4 h5 14. O-O h4 15. Nh1 Nh7 16. Nf2 f5 17. f4 Ng4 18.
Nxg4 fxg4 19. e5 Bf5 20. exd6 Qxd6 21. Rad1 Nf6 22. Rfe1 Nh5 23. Kh1 Rad8 24. Bxa6 g3 25. h3 Rfe8 26. Bf1 Kh7 27. Be2 Nf6 28. Bf3 Qd7 29. d6 Bxh3 30. Nd5 Bg4 31. Nxf6+ Bxf6 32. Qd5 h3 33. Bxg4 Qxg4 34. Qf7+ Bg7 35. d7 Rxe3 36.
Qe8 Rdxe8 0-1

[Event "*** SCC Grand Prix: Titled Tuesday Blitz"]
[Site "Chess.com"]
[Date "2020.10.13"]
[Round "9"]
[White "ajdemipopushi"]
[Black "janumber1"]
[Result "1-0"]
[WhiteElo "2325"]
[BlackElo "2159"]
[TimeControl "180+1"]
[EndTime "11:43:15 PDT"]
[Termination "ajdemipopushi won on time"]

1. Nf3 Nf6 2. g3 g6 3. Bg2 Bg7 4. c4 O-O 5. O-O d6 6. d4 Nbd7 7. Nc3 c5 8. d5 Nb6 9. Nd2 h5 10.
e4 h4 11. Re1 h3 12. Bh1 Ng4 13. Qe2 Bd4 14. Nd1 f5 15. Nb3 Bg7 16. Bg5 Rf7 17. f3 Ne5 18. Rc1 fxe4 19. Qxe4 Bf5 20. Qe3 Qd7 21. Nd2 Nd3 22. Nf2 Nxc1 23. Rxc1 e6 24. g4 1-0

[Event "*** SCC Grand Prix: Titled Tuesday Blitz"]
[Site "Chess.com"]
[Date "2020.10.13"]
[Round "9"]
[White "icychess54"]
[Black "alejanchess73"]
[Result "1-0"]
[WhiteElo "2278"]
[BlackElo "2352"]
[TimeControl "180+1"]
[EndTime "11:43:18 PDT"]
[Termination "icychess54 won by resignation"]

1. c4 Nf6 2. Nf3 c5 3. Nc3 g6 4. d4 cxd4 5. Nxd4 Bg7 6. e3 O-O 7. Be2 Nc6 8. O-O d5 9. b3 dxc4 10. Bxc4 Nxd4 11. exd4 Bg4 12. f3 Bf5 13. Be3 Rc8 14.
Qd2 a6 15. a4 Re8 16. a5 Bd7 17. d5 Qc7 18. Bd4 h5 19. Ne4 Nxe4 20. fxe4 Bxd4+ 21. Qxd4 Qc5 22. Rad1 Qxd4+ 23. Rxd4 e6 24. dxe6 Bxe6 25.
Bxe6 Rxe6 26. Rd7 f6 27. Rxb7 Rxe4 28. Rxf6 Rc1+ 29. Kf2 Rc2+ 30. Kf3 Rg4 31. g3 Rc5 32. Rxa6 Rf5+ 33. Kg2 Re4 34. Ra8+ Rf8 35. Rxf8+ Kxf8 36. b4 1-0

[Event "*** SCC Grand Prix: Titled Tuesday Blitz"]
[Site "Chess.com"]
[Date "2020.10.13"]
[Round "9"]
[White "karinachess1"]
[Black "SHIVACalypso"]
[Result "0-1"]
[WhiteElo "2499"]
[BlackElo "2376"]
[TimeControl "180+1"]
[EndTime "11:43:19 PDT"]
[Termination "SHIVACalypso won by checkmate"]

1. e4 e6 2. d4 d5 3. Nc3 Nf6 4. e5 Nfd7 5. f4 c5 6. Nf3 Nc6 7. Be3 Be7 8. Qd2 O-O 9. dxc5 Qa5 10. Be2 Bxc5 11. Bxc5 Qxc5 12. O-O-O a6 13. Nd4 b5 14.
Nxc6 Qxc6 15. Bf3 Nb6 16. f5 b4 17. Ne2 exf5 18. Nf4 Be6 19. Nh5 h6 20. h4 Qa4 21.
Kb1 Rac8 22. b3 Qa3 23. Nf6+ Kh8 24. g4 Rc3 25. Be2 Na4 26. Bd3 Qb2# 0-1

[Event "*** SCC Grand Prix: Titled Tuesday Blitz"]
[Site "Chess.com"]
[Date "2020.10.13"]
[Round "9"]
[White "KonstantinB_1983"]
[Black "sopo-tereladze"]
[Result "0-1"]
[WhiteElo "2455"]
[BlackElo "2295"]
[TimeControl "180+1"]
[EndTime "11:43:19 PDT"]
[Termination "sopo-tereladze won by resignation"]

1. d4 Nf6 2. c4 e6 3. Nf3 d5 4.
Nc3 Be7 5. Bg5 O-O 6. e3 h6 7.
Bh4 Ne4 8. Bxe7 Qxe7 9. Qb3 Nxc3 10. Qxc3 c6 11. Bd3 Nd7 12. O-O Re8 13. cxd5 exd5 14.
b4 a6 15. a4 Nf6 16. Rab1 Ne4 17. Qc2 Bf5 18. h3 Qf6 19. Ne5 Nd6 20. f3 Bxd3 21.
Qxd3 Qf5 22. Qd2 f6 23. e4 dxe4 24. fxe4 Qxe4 25. Rbe1 Qd5 26. Ng6 Qf7 27. Qd3 Rxe1 28. Rxe1 Re8 29. Rf1 Re4 30. Qg3 Rxd4 31. h4 h5 32. Re1 Rg4 33. Ne7+ Qxe7 34. Qb3+ Qf7 35. Qxf7+ Kxf7 0-1

[Event "*** SCC Grand Prix: Titled Tuesday Blitz"]
[Site "Chess.com"]
[Date "2020.10.13"]
[Round "9"]
[White "boasovietica"]
[Black "thedjoker98"]
[Result "0-1"]
[WhiteElo "2408"]
[BlackElo "2590"]
[TimeControl "180+1"]
[EndTime "11:43:20 PDT"]
[Termination "thedjoker98 won by resignation"]

1. e4 e5 2. Nf3 Nc6 3. Bb5 g6 4.
Bxc6 dxc6 5. d4 exd4 6. Qxd4 Qxd4 7. Nxd4 Bg7 8. Nb3 Ne7 9. c3 O-O 10. Bf4 Re8 11. O-O a5 12. Bxc7 a4 13. Nd4 f5 14.
exf5 Nxf5 15. Nxf5 Bxf5 16. Nd2 a3 17. bxa3 Bxc3 18.
Rad1 Rxa3 19. Nc4 Rxa2 20. Nd6 Rf8 21. Nxf5 Rxf5 22. Bb6 Rd5 23. Rxd5 cxd5 24. Rd1 Rb2 25. Bc5 b6 26. Be3 d4 27. Bf4 b5 28. Kf1 b4 29.
Be5 Ra2 30. h4 b3 31. Bxd4 Bxd4 0-1

[Event "*** SCC Grand Prix: Titled Tuesday Blitz"]
[Site "Chess.com"]
[Date "2020.10.13"]
[Round "9"]
[White "ajedrezhoy"]
[Black "Khnykin_Nikolay"]
[Result "1-0"]
[WhiteElo "2229"]
[BlackElo "2048"]
[TimeControl "180+1"]
[EndTime "11:43:21 PDT"]
[Termination "ajedrezhoy won by checkmate"]

1. e4 e6 2. Qe2 c5 3. Nf3 Be7 4.
g3 d5 5. d3 Nf6 6. Bg2 O-O 7. O-O Nc6 8. e5 Nd7 9. c4 Qc7 10. Re1 Nb6 11. Nc3 f6 12. Bf4 fxe5 13.
Nxe5 Rxf4 14. gxf4 Bd6 15. Nb5 Qd7 16. Nxd6 Qxd6 17.
Nxc6 bxc6 18. Qe5 Qf8 19. b3 Bd7 20. Re3 Re8 21. Rae1 a5 22. a4 Bc8 23. Qc7 Na8 24. Qxc6 dxc4 25. bxc4 Rd8 26. Qxa8 Qxf4 27. Qe4 Qf7 28. Bh3 Qf6 29. Bxe6+ Kh8 30. Bxc8 h6 31.
Bh3 Rd4 32. Qe8+ Kh7 33. Bg2 Rg4 34. Rg3 Rd4 35. Be4+ Rxe4 36. Qxe4+ Kg8 37. Qe7 Qd4 38. Re4 Qa1+ 39. Kg2 Qd1 40. Qxg7# 1-0

[Event "*** SCC Grand Prix: Titled Tuesday Blitz"]
[Site "Chess.com"]
[Date "2020.10.13"]
[Round "9"]
[White "VladimirBugayev"]
[Black "LubovMarkelova"]
[Result "0-1"]
[WhiteElo "2335"]
[BlackElo "2252"]
[TimeControl "180+1"]
[EndTime "11:43:22 PDT"]
[Termination "LubovMarkelova won on time"]

1. e4 e6 2. d4 d5 3. Bd3 dxe4 4. Bxe4 Nf6 5. Bf3 c5 6. Ne2 Nc6 7. Be3 cxd4 8. Nxd4 Ne5 9. Nc3 Bb4 10. Qe2 Nxf3+ 11. gxf3 Bxc3+ 12. bxc3 O-O 13. Rg1 e5 14. Bh6 g6 15.
Bxf8 Qxf8 16. Qxe5 Nd7 17. Qc7 Nb6 18. Kd2 Bh3 19.
Qg3 Nc4+ 20. Kd3 Nb2+ 21. Kd2 Bd7 22. h4 Rc8 23. h5 Qa3 24. f4 Nc4+ 25. Ke1 Qb2 26.
Rd1 Re8+ 27. Kf1 Nd2+ 28. Rxd2 Qc1+ 0-1

[Event "*** SCC Grand Prix: Titled Tuesday Blitz"]
[Site "Chess.com"]
[Date "2020.10.13"]
[Round "9"]
[White "Ajedrez_con_German"]
[Black "As0nchess"]
[Result "1-0"]
[WhiteElo "2506"]
[BlackElo "2610"]
[TimeControl "180+1"]
[EndTime "11:43:24 PDT"]
[Termination "Ajedrez_con_German won by checkmate"]

1. d4 Nf6 2. Bf4 d5 3. e3 e6 4. Nf3 Bd6 5. Bg3 O-O 6. Bd3 c5 7. c3 b6 8. O-O Ba6 9. Bxa6 Nxa6 10. Nbd2 Nb8 11. Re1 Nc6 12. Qa4 Rc8 13. Rad1 Bxg3 14. hxg3 Qe7 15. Qa3 e5 16. dxe5 Nxe5 17. Nxe5 Qxe5 18.
Qxa7 Rc6 19. Qa4 Re6 20. Qc2 Ng4 21. Nf3 Qh5 22. c4 Rh6 23. Nh4 dxc4 24. Qf5 g5 25. Rd5 f6 26. Qe6+ Kh8 27. Qe7 Re8 28.
Rd8 Rxd8 29. Qxd8+ Kg7 30. Nf5+ Kg6 31. Nxh6 Qxh6 32.
Qg8+ Kf5 33. Qd5+ Kg6 34. Qg8+ Kf5 35. e4+ Ke5 36. Qd5# 1-0

[Event "*** SCC Grand Prix: Titled Tuesday Blitz"]
[Site "Chess.com"]
[Date "2020.10.13"]
[Round "9"]
[White "HanSchut"]
[Black "Sn00pPawn"]
[Result "1-0"]
[WhiteElo "2201"]
[BlackElo "1967"]
[TimeControl "180+1"]
[EndTime "11:43:26 PDT"]
[Termination "HanSchut won by checkmate"]

1. e4 c6 2. d4 d5 3. exd5 cxd5 4. c4 dxc4 5. Bxc4 Nf6 6. Nf3 e6 7. O-O Be7 8. Nc3 O-O 9. Bg5 Nc6 10. Qd2 Bd7 11. Rac1 Rc8 12. Bd3 Nb4 13. Bb1 Nbd5 14. Ne5 h6 15. Bh4 Re8 16. Rfe1 a6 17. Qd3 Nb4 18.
Qg3 Nfd5 19. Bxe7 Qxe7 20. a3 Nxc3 21. bxc3 Nd5 22. Qd3 Nf6 23. c4 Rc7 24. Re3 Rec8 25. Rf3 Qd6 26. Rxf6 gxf6 27. Qh7+ Kf8 28. Qxf7# 1-0

[Event "*** SCC Grand Prix: Titled Tuesday Blitz"]
[Site "Chess.com"]
[Date "2020.10.13"]
[Round "9"]
[White "JuliaEfremova"]
[Black "CzechmVIII"]
[Result "1-0"]
[WhiteElo "2333"]
[BlackElo "2173"]
[TimeControl "180+1"]
[EndTime "11:43:28 PDT"]
[Termination "JuliaEfremova won by resignation"]

1. d4 Nf6 2. Bf4 c5 3. e3 Nd5 4. Bg3 Qb6 5. b3 cxd4 6. Qxd4 Qxd4 7. exd4 Nc6 8. Nf3 g6 9. Be2 Bh6 10. O-O O-O 11. c4 Nf4 12. Bxf4 Bxf4 13. Nc3 d6 14.
Rad1 Bh6 15. Nd5 Be6 16. Ne3 Bd7 17. d5 Ne5 18. Nxe5 dxe5 19. c5 Rac8 20. b4 a5 21.
a3 axb4 22. axb4 f5 23. Rfe1 e4 24. Nc4 Bb5 25. Nb6 Bxe2 26. Rxe2 Rcd8 27. Ra2 Bg7 28. Ra7 Bc3 29. Rb1 Rf6 30. Rxb7 Rxb6 31. cxb6 Rxd5 32.
Rxe7 Bxb4 33. b7 Bxe7 34. b8=Q+ Kf7 1-0

[Event "*** SCC Grand Prix: Titled Tuesday Blitz"]
[Site "Chess.com"]
[Date "2020.10.13"]
[Round "9"]
[White "anon569"]
[Black "Sergey85Rodchenkov"]
[Result "1-0"]
[WhiteElo "2283"]
[BlackElo "2420"]
[TimeControl "180+1"]
[EndTime "11:43:29 PDT"]
[Termination "anon569 won by resignation"]

1. e4 c5 2. Nf3 d6 3. d4 cxd4 4. Nxd4 Nf6 5. Nc3 a6 6. Bg5 Nbd7 7. f4 Qb6 8. Bxf6 Nxf6 9. e5 dxe5 10. fxe5 Qxb2 11. Na4 Qa3 12. c3 Nd5 13. Nb5 axb5 14. Bxb5+ Bd7 15. Bxd7+ Kxd7 16. Qxd5+ Kc7 17. Qc4+ Kb8 18.
Nb6 Ra6 19. Qc8+ Ka7 20. Nd7 Ra5 21. Qb8+ Ka6 22. Qa8+ Kb5 23. Qxb7+ Ka4 24. Nb6+ Kb5 25. Rb1+ 1-0

[Event "*** SCC Grand Prix: Titled Tuesday Blitz"]
[Site "Chess.com"]
[Date "2020.10.13"]
[Round "9"]
[White "GameOverBro"]
[Black "vanea_03"]
[Result "1-0"]
[WhiteElo "2553"]
[BlackElo "2682"]
[TimeControl "180+1"]
[EndTime "11:43:30 PDT"]
[Termination "GameOverBro won by resignation"]

1. e4 e5 2. Nf3 Nc6 3. Bb5 a6 4. Ba4 Nf6 5. d4 b5 6. Bb3 Nxd4 7. Nxd4 exd4 8. e5 Ng8 9. Qf3 d5 10. Bxd5 Be6 11. Bxa8 Bb4+ 12. Bd2 Bxd2+ 13. Nxd2 Ne7 14. Bc6+ Kf8 15. O-O h5 16. h3 h4 17.
a4 b4 18. Be4 c5 19. Rfd1 Qc7 20. c3 Qxe5 21. cxb4 cxb4 22. Rac1 Rh6 23. Re1 Rf6 24. Qd3 Qf4 25. Nf3 g5 26. Qxd4 Kg7 27. Bb7 Qb8 28. Nxg5 Qxb7 29. Ne4 Nd5 30. Nxf6 Nxf6 31. Rc5 Kg6 32. Qe5 Nh7 33. Qh5+ Kg7 34. Qxh4 Qb6 35. Qg3+ Kh6 36. Ree5 1-0

[Event "*** SCC Grand Prix: Titled Tuesday Blitz"]
[Site "Chess.com"]
[Date "2020.10.13"]
[Round "9"]
[White "ehrenfeld"]
[Black "queen_iryna"]
[Result "1-0"]
[WhiteElo "2481"]
[BlackElo "2303"]
[TimeControl "180+1"]
[EndTime "11:43:32 PDT"]
[Termination "ehrenfeld won by resignation"]

1. e4 d6 2. d4 Nf6 3. Nc3 e5 4. Nge2 Nc6 5. d5 Ne7 6. f3 Ng6 7. Be3 Be7 8. Qd2 Nh5 9. g3 h6 10. h4 c6 11. O-O-O Bd7 12. Bh3 a5 13. Bxd7+ Qxd7 14. g4 Nhf4 15. h5 Nxe2+ 16. Nxe2 Nf8 17. Ng3 c5 18. Nf5 Bf6 19. f4 exf4 20. Bxf4 Be5 21. Bxe5 dxe5 22. Nxg7+ Kd8 23. Nf5 Nh7 24. Qxh6 Kc7 25.
Qe3 b6 26. g5 Rag8 27. d6+ Kb7 28. Ne7 Rxg5 29. Qd3 Nf6 30. Rhf1 Ng8 31. Rxf7 Rgxh5 32.
Qd5+ Ka6 33. Nxg8 Rxg8 34. Rxd7 1-0

[Event "*** SCC Grand Prix: Titled Tuesday Blitz"]
[Site "Chess.com"]
[Date "2020.10.13"]
[Round "9"]
[White "Jospem"]
[Black "Omk124"]
[Result "0-1"]
[WhiteElo "2906"]
[BlackElo "2517"]
[TimeControl "180+1"]
[EndTime "11:43:33 PDT"]
[Termination "Omk124 won by resignation"]

1. e4 g6 2. d4 Bg7 3. Nf3 c6 4. h3 d6 5. Bd3 Nf6 6. c3 O-O 7. O-O Nbd7 8. e5 dxe5 9. dxe5 Nd5 10. Qe2 Qc7 11. Re1 Nc5 12. Bc2 Bf5 13. Na3 Bxc2 14. Nxc2 Ne6 15. c4 Ndf4 16. Qe4 f5 17. exf6 Rxf6 18.
Be3 Raf8 19. Bd4 Nxd4 20. Ncxd4 e5 21. Nxe5 Re8 22. Ndf3 Rf5 23. g3 Nxh3+ 24. Kg2 Nxf2 25. Kxf2 Rexe5 26. Qc2 Qf7 27. Rxe5 Rxf3+ 28. Kg2 Bxe5 29. Rd1 Rxg3+ 30. Kh1 Qf3+ 0-1

[Event "*** SCC Grand Prix: Titled Tuesday Blitz"]
[Site "Chess.com"]
[Date "2020.10.13"]
[Round "9"]
[White "TrimitziosP7"]
[Black "m_ezat"]
[Result "1-0"]
[WhiteElo "2818"]
[BlackElo "2528"]
[TimeControl "180+1"]
[EndTime "11:43:33 PDT"]
[Termination "TrimitziosP7 won by resignation"]

1. Nf3 Nf6 2. b3 g6 3. Bb2 Bg7 4. g3 O-O 5. Bg2 d6 6. d4 e5 7.
dxe5 Ng4 8. O-O Nc6 9. c4 a5 10. Nc3 Ngxe5 11. Qd2 Re8 12. Rac1 Bg4 13. Nd5 a4 14. h3 Bxf3 15. exf3 axb3 16. axb3 Ra2 17. Rc2 Rxb2 18. Rxb2 Nd4 19. Kh1 Nexf3 20. Qd1 c6 21. Bxf3 Nxf3 22. Re2 Rxe2 23. Qxe2 Nd4 24. Qe7 Qxe7 25. Nxe7+ Kf8 26. Nc8 Nxb3 27. Nxd6 Nc5 28. Rb1 Bd4 29. Kg2 b6 30. Rxb6 Nd3 31. Rb7 f5 32. f4 Ne1+ 33. Kf1 Nc2 34. Rxh7 Bc5 35.
Nb7 Be7 36. Na5 Nd4 37. Rh8+ Kf7 38. Rc8 c5 39. Nc6 Bd6 40. Nxd4 cxd4 41. Ke2 g5 42.
fxg5 Bxg3 43. Kd3 f4 44. Kxd4 f3 45. Ke3 f2 46. Ke2 Kg6 47. c5 Kxg5 48. Rg8+ Kf4 1-0

[Event "*** SCC Grand Prix: Titled Tuesday Blitz"]
[Site "Chess.com"]
[Date "2020.10.13"]
[Round "9"]
[White "grunbergmihai"]
[Black "GianmarcoVaR"]
[Result "1/2-1/2"]
[WhiteElo "2444"]
[BlackElo "2596"]
[TimeControl "180+1"]
[EndTime "11:43:34 PDT"]
[Termination "Game drawn by repetition"]

1. Nf3 Nf6 2. c4 b6 3. g3 Bb7 4. Bg2 c5 5. O-O g6 6. Nc3 Bg7 7. b3 Ne4 8. Bb2 Nxc3 9. Bxc3 Bxc3 10. dxc3 O-O 11. Qd2 Kg7 12. h4 d6 13. h5 Nd7 14.
h6+ Kg8 15. Rad1 Nf6 16. Ng5 Bxg2 17. Kxg2 Qc8 18. f3 a6 19. e4 b5 20. cxb5 axb5 21.
Rf2 Ra3 22. Qe3 c4 23. e5 dxe5 24. Qxe5 Qf5 25. Qxf5 gxf5 26. Rb1 Nd5 27. bxc4 bxc4 28. Rb7 Rxc3 29. Re2 Ra3 30. Re5 Rxa2+ 31. Kh3 e6 32. Rxe6 fxe6 33. Rg7+ Kh8 34. Rxh7+ Kg8 35. Rg7+ Kh8 36.
Rh7+ Kg8 37. Rg7+ Kh8 38. Rh7+ 1/2-1/2

[Event "*** SCC Grand Prix: Titled Tuesday Blitz"]
[Site "Chess.com"]
[Date "2020.10.13"]
[Round "9"]
[White "MVM2008"]
[Black "BanjoKazooieN64"]
[Result "0-1"]
[WhiteElo "2179"]
[BlackElo "2442"]
[TimeControl "180+1"]
[EndTime "11:43:36 PDT"]
[Termination "BanjoKazooieN64 won on time"]

1. e4 e5 2. Nf3 Nc6 3. Bc4 Bc5 4. b4 Bxb4 5. c3 Ba5 6. d4 d6 7. O-O Bb6 8. d5 Na5 9. Bd3 Nf6 10. Re1 O-O 11.
h3 Ne8 12. Nbd2 f5 13. exf5 Bxf5 14. Bxf5 Rxf5 15. Ne4 Nf6 16. Ng3 Qd7 17. Nxf5 Qxf5 18. Be3 Rf8 19. Bxb6 axb6 20. Qe2 Nxd5 21. c4 Nf4 22. Qe4 Nxh3+ 23. gxh3 Qxe4 24. Rxe4 Rxf3 25. Kg2 Rc3 26. f4 Nxc4 27. fxe5 Nxe5 28. a4 Rc5 29.
Rb4 Kf7 30. a5 bxa5 31. Rxb7 Nc4 32. Rf1+ Ke6 33. Rf3 a4 34. Ra7 a3 35. Rb3 d5 36.
Rbb7 Kd6 37. Kf3 Ne5+ 38. Kf4 Rc4+ 39. Kf5 g6+ 40. Kg5 Rc3 41. Kh6 Rxh3+ 42. Kg7 Rc3 43. Ra6+ c6 44. Raa7 g5 45. Kxh7 g4 46. Kg7 g3 47.
Kf6 g2 48. Rg7 Rf3+ 0-1

[Event "*** SCC Grand Prix: Titled Tuesday Blitz"]
[Site "Chess.com"]
[Date "2020.10.13"]
[Round "9"]
[White "barriochess"]
[Black "AttilaTurzo"]
[Result "0-1"]
[WhiteElo "2271"]
[BlackElo "2395"]
[TimeControl "180+1"]
[EndTime "11:43:42 PDT"]
[Termination "AttilaTurzo won by resignation"]

1. d4 d5 2. c4 c6 3. Nf3 Nf6 4.
Nc3 a6 5. e3 Bf5 6. Bd3 Bg6 7.
O-O e6 8. b3 Nbd7 9. Bb2 Bd6 10. Qe2 Ne4 11. Bxe4 dxe4 12. Nd2 f5 13. f3 exf3 14.
gxf3 O-O 15. e4 e5 16. d5 Bc5+ 17. Kh1 Bd4 18. b4 c5 19. a3 a5 20. b5 f4 21. Nd1 Bh5 22. Bxd4 cxd4 23. a4 Nc5 24.
Nf2 Qh4 25. Rg1 Kh8 26. Rg2 b6 27. Nd3 Nxd3 28. Qxd3 g5 29. Rag1 Rg8 30. Nb3 Qh3 31. Nd2 g4 32. Qf1 g3 33. Qd3 Rg6 34. Nb3 Rag8 0-1